 Dungeon Crawl Stone Soup version 0.24.1-14-gf8d2b509d9 (webtiles) character file.

Game seed: 4830015474490031672, levelgen mode: deterministic

1596 Iusername the Cleaver (level 8, -1/70 HPs)
             Began as a Minotaur Fighter on Oct 18, 2022.
             Splashed by a centaur's acid (17 damage)
             ... on level 6 of the Dungeon.
             The game lasted 00:06:56 (3854 turns).

Iusername the Cleaver (Minotaur Fighter)            Turns: 3854, Time: 00:06:57

Health: -1/70      AC: 14    Str: 22    XL:     8   Next: 62%
Magic:  7/7        EV:  5    Int:  5    God:
Gold:   208        SH: 11    Dex: 14    Spells: 7/7 levels left

rFire    . . .     SeeInvis .   a - +1 war axe
rCold    . . .     Gourm    .   c - +0 shield
rNeg     . . .     Faith    .   q - +0 plate armour
rPois    .         Spirit   .   (helmet restricted)
rElec    .         Reflect  .   (no cloak)
rCorr    .         Harm     .   (no gloves)
MR       .....                  y - +0 pair of boots
Stlth    ..........             (no amulet)
HPRegen  0.21/turn              l - +3 ring of dexterity
MPRegen  0.10/turn              (no ring)

@: no status effects
A: retaliatory headbutt, horns 2
a: no special abilities


You were on level 6 of the Dungeon.
You were hungry.

You visited 1 branch of the dungeon, and saw 6 of its levels.

You collected 208 gold pieces.

Inventory:

Hand Weapons
 a - a +1 war axe (weapon)
Missiles
 w - 7 javelins (quivered)
Armour
 c - a +0 shield (worn)
 q - a +0 plate armour (worn)
 y - a +0 pair of boots (worn)
Jewellery
 j - an uncursed ring of poison resistance
 l - a +3 ring of dexterity (left hand)
 s - an uncursed ring of poison resistance
Scrolls
 b - a scroll of enchant armour {unknown}
 g - a scroll of remove curse
 k - a scroll of fear {unknown}
 m - a scroll of immolation {unknown}
 o - a scroll of magic mapping
 p - 2 scrolls of amnesia
 r - 2 scrolls of fog
 x - 2 scrolls of teleportation
 B - a scroll of vulnerability {unknown}
Potions
 d - a potion of might
 e - 2 potions of brilliance {unknown}
 h - 3 potions of curing {unknown}
 i - a potion of heal wounds
 n - 2 potions of agility
 t - 2 potions of lignification {unknown}
 u - a potion of flight
 v - 2 potions of cancellation {unknown}
 z - a potion of haste {unknown}
 A - a potion of resistance {unknown}
Comestibles
 f - 7 rations


   Skills:
 + Level 6.0 Fighting
 + Level 9.1 Axes
 + Level 6.8 Armour
 + Level 1.4 Dodging
 + Level 0.8 Stealth
 + Level 6.6 Shields


You had 7 spell levels left.
You didn't know any spells.
Your spell library contained the following spells:

 Spells                   Type           Power        Failure   Level  Hunger
 Confusing Touch          Hex            #.....       100%        1    ##.....
 Magic Dart               Conj           #...         100%        1    ##.....
 Blink                    Tloc           N/A          100%        2    ###....
 Call Imp                 Summ           #.......     100%        2    ###....
 Slow                     Hex            #.......     100%        2    ###....
 Confuse                  Hex            #.......     100%        3    ####...
 Conjure Flame            Conj/Fire      #.......     100%        3    ####...
 Gell's Gravitas          Tloc           #.........   100%        3    ####...
 Mephitic Cloud           Conj/Pois/Air  #.......     100%        3    ####...
 Petrify                  Tmut/Erth      #.......     100%        4    #####..
 Metabolic Englaciation   Hex/Ice        #.........   100%        5    ######.
 Yara's Violent Unravell  Hex/Tmut       #.........   100%        5    ######.


Dungeon Overview and Level Annotations

Branches:
Dungeon (6/15)
 Temple: D:4-7

Altars:
Elyvilon
Ru
Uskayaw
Xom

Shops:
D:5 !


Innate Abilities, Weirdness & Mutations

You reflexively headbutt those who attack you in melee.
You have a pair of horns on your head.


Message History

You hit the centaur.
The centaur is lightly wounded.
The centaur zaps a wand.
The bolt of acid hits you!
You are splashed with acid!
* * * LOW HITPOINT WARNING * * *
You closely miss the centaur.
The centaur is lightly wounded.
The centaur hits you with a cursed +0 shortbow.
* * * LOW HITPOINT WARNING * * *
You block the centaur's attack.
You feel much better.
The centaur hits you with a cursed +0 shortbow.
You slice the centaur!!
The centaur is almost dead.
You block the centaur's attack.
You hit the centaur.
The centaur is almost dead.
The centaur zaps a wand.
The bolt of acid hits you!
* * * LOW HITPOINT WARNING * * *
You are splashed with acid!
You die...

# # .. . ###.#.######
##. ..#[#.##...#
####.. .#....#...#
......# ..##......#
.......##.##.##...#
#..c.#.##.#.<[.#
#@#.##......# ##.
...#.((.#..#...##...
#.....†(..†#......#
........#......###.###
######..(......#..<#
###.......#.###
##....#...##
##.......†# #.....##.#


You could see a centaur.

Vanquished Creatures
  Pikel (D:5)
  A wyvern (D:5)
  Menkaure (D:5)
  2 phantoms
  Blork the orc (D:5)
  2 scorpions
  2 orc wizards
  A gnoll shaman (D:3)
  An iguana (D:4)
  Natasha (twice) (D:2)
  A worker ant (D:6)
  A hound skeleton (D:4)
  3 gnolls (D:3)
  A worker ant zombie (D:5)
  14 adders
  A shadow imp (D:6)
  An adder skeleton (D:5)
  A worm (D:3)
  2 dart slugs
  3 leopard geckos
  18 orcs
  5 giant cockroaches
  3 goblins (D:1)
  10 hobgoblins
  9 jackals
  12 kobolds
  4 quokkas
  A ball python (D:1)
  10 bats
  2 frilled lizards
  A leopard gecko skeleton (D:6)
  9 rats
126 creatures vanquished.

Vanquished Creatures (others)
  A gnoll shaman (D:4)
  A frilled lizard (D:4)
2 creatures vanquished.

Grand Total: 128 creatures vanquished

Notes
Turn   | Place    | Note
-------+----------+-------------------------------------------
     0 | D:1      | Iusername the Minotaur Fighter began the quest for the Orb.
     0 | D:1      | Reached XP level 1. HP: 19/19 MP: 0/0
   125 | D:1      | Reached XP level 2. HP: 25/27 MP: 1/1
   330 | D:1      | Reached skill level 3 in Axes
   491 | D:1      | Reached XP level 3. HP: 28/33 MP: 2/2
   646 | D:2      | Found a sacrificial altar of Ru.
   770 | D:2      | Noticed Natasha
   780 | D:2      | Killed Natasha
   818 | D:2      | Reached XP level 4. HP: 40/40 MP: 3/3
   958 | D:2      | Noticed Natasha
   961 | D:2      | Killed Natasha
  1194 | D:2      | Reached skill level 4 in Axes
  1255 | D:3      | Reached skill level 1 in Dodging
  1301 | D:3      | Reached XP level 5. HP: 45/47 MP: 4/4
  1491 | D:3      | Noticed a phantom
  1514 | D:3      | Killed a phantom
  1514 | D:3      | Reached skill level 5 in Axes
  1601 | D:3      | Reached XP level 6. HP: 54/55 MP: 5/5
  1605 | D:3      | Reached skill level 5 in Shields
  2075 | D:4      | Reached skill level 5 in Fighting
  2079 | D:4      | Reached skill level 5 in Armour
  2142 | D:4      | Found a shimmering altar of Xom.
  2199 | D:4      | Reached skill level 6 in Axes
  2199 | D:4      | Reached XP level 7. HP: 61/61 MP: 6/6
  2406 | D:4      | Found a white marble altar of Elyvilon.
  2516 | D:5      | Entered Level 5 of the Dungeon
  2530 | D:5      | Noticed Blork the orc
  2534 | D:5      | Noticed Menkaure
  2538 | D:5      | Killed Blork the orc
  2544 | D:5      | Killed Menkaure
  2593 | D:5      | Reached skill level 7 in Axes
  2671 | D:5      | Found Atym's Distillery.
  2842 | D:5      | Noticed a wyvern
  2851 | D:5      | Killed a wyvern
  2851 | D:5      | Reached XP level 8. HP: 21/69 MP: 7/7
  3415 | D:5      | Found a hide-covered altar of Uskayaw.
  3417 | D:5      | Noticed a +0 dagger
  3418 | D:5      | Noticed a +0 hand axe
  3440 | D:5      | Noticed Pikel
  3452 | D:5      | Killed Pikel
  3452 | D:5      | Reached skill level 9 in Axes
  3854 | D:6      | Splashed by a centaur's acid

Levels and vault maps discovered:
D:1:      dpeg_arrival_lava_temple_mockup, layout_loops_ring,
          minmay_pentomino_t4
D:2:      layout_loops_cross, nicolae_ru_sacrificial_ziggurat, uniq_natasha
D:3:      layout_loops_corners
D:4:      layout_rooms, xom_confusion_cloud, kennysheep_mini_moat,
          minmay_statues_item, corexii_leaking_fountain
D:5:      lemuel_upstairs_altar, layout_basic, dancing_weapons_uskayaw,
          first_ration, serial_shops, nicolae_shop_waterfront, uniq_pikel,
          uniq_menkaure, uniq_blork_the_orc
D:6:      layout_rooms, kiku_gazebo_pond_becter, minitemple

Skill      XL: |  1  2  3  4  5  6  7  8 |
---------------+-------------------------+-----
Armour         | 4 5 6 |  6.8
Shields        | 4 5 6 |  6.6
Axes           | 3 4 5 6 7 9 |  9.1
Fighting       | 4 5 6 |  6.0
Dodging        | 1 |  1.4
Stealth        | |  0.8

Action                   |  1- 3 |  4- 6 |  7- 9 || total
-------------------------+-------+-------+-------++-------
Melee: War axe           |    87 |   162 |   123 ||   372
       Headbutt          |     7 |    22 |    22 ||    51
  Use: Scroll            |     3 |       |     7 ||    10
       Potion            |       |       |     2 ||     2
  Eat: Chunk             |       |     4 |     2 ||     6
       Ration            |       |       |     1 ||     1
Armor: Scale mail        |    16 |       |       ||    16
       Plate armour      |    38 |    74 |    40 ||   152
Dodge: Dodged            |    12 |    28 |    20 ||    60
Block: Shield            |    39 |    90 |    52 ||   181
